 Dungeon Crawl Stone Soup version 0.21.1-1-g345015f (webtiles) character file.

745 sking99 the Ducker (level 7, -11/36 HPs)
             Began as a Deep Elf Wizard on June 30, 2018.
             Was an Initiate of Vehumet.
             Engulfed by a cloud of steam (13 damage)
             ... on level 5 of the Dungeon.
             The game lasted 00:15:46 (5769 turns).

sking99 the Ducker (Deep Elf Wizard)                Turns: 5769, Time: 00:15:47

Health: -11/36     AC:  6    Str:  4    XL:     7   Next: 47%
Magic:  4/16       EV: 13    Int: 25    God:    Vehumet [......]
Gold:   191        SH:  0    Dex: 13    Spells: 5/16 levels left

rFire    . . .     SeeInvis .   o - -1 mace (curse)
rCold    . . .     Gourm    .   (no shield)
rNeg     . . .     Faith    .   g - +0 leather armour
rPois    .         Spirit   .   b - +0 hat
rElec    .         Reflect  .   (no cloak)
rCorr    .         Harm     .   j - +2 pair of gloves
MR       .....                  (no boots)
Stlth    ++........             (no amulet)
HPRegen  0.12/turn              (no ring)
MPRegen  0.15/turn              (no ring)

@: no status effects
A: no striking features
a: Renounce Religion


You were on level 5 of the Dungeon.
You worshipped Vehumet.
Vehumet was noncommittal.
You were very hungry.

You visited 2 branches of the dungeon, and saw 6 of its levels.

You collected 191 gold pieces.

Inventory:

Hand Weapons
 o - a cursed -1 mace (weapon)
 q - a +2 mace of draining
 r - a +4 mace
 s - a +0 mace of crushing
Armour
 a - a +0 robe
 b - a +0 hat (worn)
 g - a +0 leather armour (worn)
 j - a +2 pair of gloves (worn)
 l - a +0 buckler
Jewellery
 f - an uncursed ring of protection from cold {unknown}
 k - an uncursed amulet of faith {unknown}
 u - a cursed ring of teleportation {unknown}
 x - an uncursed ring of poison resistance {unknown}
Scrolls
 n - 2 scrolls of teleportation
 p - a scroll of identify
Potions
 e - a potion of flight {unknown}
 h - 4 potions of curing
 i - a potion of haste {unknown}
 m - a potion of ambrosia {unknown}
 v - a potion of agility {unknown}
 w - a potion of mutation {unknown}
Books
 c - a book of Minor Magic

   Spells                             Type                      Level
   a - Magic Dart                     Conjuration                  1
   b - Blink                          Translocation                2
   c - Call Imp                       Summoning                    2
   d - Slow                           Hexes                        2
   e - Conjure Flame                  Conjuration/Fire             3
   f - Mephitic Cloud                 Conjuration/Poison/Air       3
Comestibles
 d - 7 rations


   Skills:
 + Level 5.3 Dodging
 - Level 2.4 Stealth
 - Level 5.0 Spellcasting
 + Level 4.4 Conjurations
 - Level 3.0 Summonings
 - Level 2.1 Translocations
 - Level 1.2 Fire Magic
 - Level 3.0 Air Magic
 - Level 3.0 Poison Magic


You had 5 spell levels left.
You knew the following spells:

 Your Spells              Type           Power        Failure   Level  Hunger
a - Magic Dart            Conj           ####         2%          1    None
b - Blink                 Tloc           N/A          9%          2    None
c - Call Imp              Summ           ###.....     6%          2    None
d - Conjure Flame         Conj/Fire      ###.....     14%         3    ##.....
e - Mephitic Cloud        Conj/Pois/Air  ###.....     11%         3    ##.....


Dungeon Overview and Level Annotations

Branches:
Dungeon (5/15)             Temple (1/1) D:4

Altars:
Cheibriados
Fedhas
Gozag
Makhleb
Nemelex Xobeh
Okawaru
Qazlal
Ru
Trog
Uskayaw
Vehumet
Wu Jian
Xom
Yredelemnul
The Shining One

Annotations:
D:3 Kagorn's ghost, amateur HOFi


Message History

A beastly little devil appears in a puff of flame.
You are engulfed in a cloud of scalding steam.
The steam dragon closely misses you.
The steam dragon claws you but does no damage.
The steam dragon breathes steam at you. The ball of steam hits you!
* * * LOW HITPOINT WARNING * * *
Casting: Call Imp
Confirm with . or Enter, or press ? or * to list all spells.
Aiming: Magic Dart
Press: ? - help, Shift-Dir - straight line, f/p - steam dragon
Aim: a steam dragon (almost dead, catching its breath)
The magic dart hits the steam dragon.
You kill the steam dragon!
Vehumet accepts your kill.
The steam dragon scales are intact enough to wear.
Training target 3.0 for Air Magic reached!
Your Air Magic skill increases to level 3!
You are engulfed in a cloud of scalding steam.
You die...

..........## ##
#.).......
...##S...%.##.. #
........5.....# ..
..Z5†.Z5# ####.#
...####.###.....#
#5[........
#..§..#### ##5.@.§#
.... #...§..#
....###.....§#
........#....#
...........#
##....##.....###
...##.##...>.(.#
.............#......#
..##...#....######.#


You could see an adder, an adder skeleton and 3 friendly crimson imps.

Vanquished Creatures
  A steam dragon (D:5)
  3 ogres (D:4)
  2 hounds (D:4)
  A centaur skeleton (D:4)
  An orc wizard (D:4)
  A worker ant (D:4)
  3 gnolls (D:3)
  A river rat (D:4)
  3 adders
  An adder skeleton (D:4)
  A worm (D:2)
  4 dart slugs
  A leopard gecko (D:5)
  5 orcs
  8 bats
  2 giant cockroaches
  7 goblins
  5 hobgoblins
  4 jackals
  5 kobolds
  5 quokkas
  2 ball pythons
  2 frilled lizards
  A quokka skeleton (D:4)
  3 rats
72 creatures vanquished.

Vanquished Creatures (collateral kills)
  A phantom (D:4)
  Crazy Yiuf (D:2)
  A worker ant (D:4)
  A gnoll (D:3)
  2 adders (D:2)
  A dart slug (D:5)
  2 quokkas
  A plant (D:4)
10 creatures vanquished.

Grand Total: 82 creatures vanquished

Notes
Turn   | Place    | Note
-------+----------+-------------------------------------------
     0 | D:1      | sking99 the Deep Elf Wizard began the quest for the Orb.
     0 | D:1      | Reached XP level 1. HP: 10/10 MP: 7/7
   317 | D:1      | Reached XP level 2. HP: 15/15 MP: 3/9
   370 | D:1      | Learned a level 2 spell: Blink
   373 | D:1      | Learned a level 2 spell: Call Imp
   896 | D:1      | Reached XP level 3. HP: 13/19 MP: 2/11
  1250 | D:2      | Found a hide-covered altar of Uskayaw.
  1551 | D:2      | Found a runed door.
  2403 | D:2      | Noticed Crazy Yiuf
  2420 | D:2      | Killed Crazy Yiuf
  2420 | D:2      | Reached XP level 4. HP: 24/24 MP: 1/12
  2841 | D:3      | Reached skill level 5 in Spellcasting
  3172 | D:3      | Found a burning altar of Makhleb.
  3172 | D:3      | Noticed an Executioner
  3700 | D:3      | Noticed Kagorn's ghost (amateur HOFi)
  3985 | D:3      | Learned a level 3 spell: Conjure Flame
  3989 | D:3      | Learned a level 3 spell: Mephitic Cloud
  4005 | D:4      | Found a staircase to the Ecumenical Temple.
  4012 | D:4      | Reached XP level 5. HP: 28/28 MP: 7/14
  4024 | Temple   | Entered the Ecumenical Temple
  4079 | Temple   | Became a worshipper of Vehumet
  4147 | D:4      | Noticed a phantom
  4195 | D:4      | Killed a phantom
  4195 | D:4      | Reached skill level 1 in Fire Magic
  4195 | D:4      | Reached skill level 1 in Air Magic
  4195 | D:4      | Reached skill level 1 in Poison Magic
  4336 | D:4      | Reached XP level 6. HP: 25/32 MP: 7/15
  4892 | D:4      | Reached XP level 7. HP: 36/36 MP: 0/16
  5350 | D:4      | Found an opulent altar of Gozag.
  5359 | D:4      | Reached skill level 5 in Dodging
  5413 | D:4      | Found a sacrificial altar of Ru.
  5416 | D:4      | Found a bloodstained altar of Trog.
  5419 | D:4      | Found an iron altar of Okawaru.
  5572 | D:5      | Entered Level 5 of the Dungeon
  5756 | D:5      | Noticed a steam dragon
  5769 | D:5      | Killed a steam dragon
  5769 | D:5      | Engulfed by a cloud of steam

Skill      XL: |  1  2  3  4  5  6  7 |
---------------+----------------------+-----
Dodging        | 3 4 5 |  5.3
Conjurations   | 2 3 4 |  4.4
Summonings     | 2 3 |  3.0
Spellcasting   | 5 |  5.0
Translocations | 2 |  2.1
Fire Magic     | 1 |  1.2
Air Magic      | 1 2 3 |  3.0
Poison Magic   | 1 2 3 |  3.0
Stealth        | |  2.4

Action                   |  1- 3 |  4- 6 |  7- 9 || total
-------------------------+-------+-------+-------++-------
Melee: Mace              |       |    12 |       ||    12
 Cast: Magic Dart        |    94 |   123 |    34 ||   251
       Call Imp          |     8 |    12 |     4 ||    24
       Conjure Flame     |       |     3 |     1 ||     4
  Use: Scroll            |       |     4 |       ||     4
  Eat: Chunk             |     2 |     6 |     2 ||    10
       Ration            |     1 |       |       ||     1
Armor: Leather armour    |     1 |    22 |     4 ||    27
       Robe              |     1 |       |       ||     1
Dodge: Dodged            |     9 |    39 |    12 ||    60
